Map: Para Site LE

Players

Hellraiser

  • Race: Terran Terran
  • League: Platinum
  • Spawn Location: 5:00

Yocto - Winner!

  • Race: Zerg Zerg
  • Spawn Location: 11:00

VOD

Have the link to the VOD?

Description

Time

  • Played on: Dec. 20, 2018, 10:20 a.m.
  • Length: 5:44
Show
View Real Time Build Order
Export as new Build Order

Hellraiser Terran 

Build Orders: Command Center First (CC) 

Get SALT Encoding   

  12  0:01  SCV  
  13  0:13  SCV  
  14  0:21  Supply Depot  
  14  0:25  SCV  
  15  0:42  SCV  
  16  0:59  Command Center  
  16  1:01  SCV  
  17  1:13  SCV  
  18  1:25  SCV  
  19  1:37  Barracks x2  
  19  1:38  SCV  
  20  1:46  Barracks  
  20  1:50  SCV  
  21  2:03  SCV  
  22  2:10  Refinery x2  
  22  2:24  Orbital Command x2  
  22  2:26  Marine  
  23  2:30  Marine  
  24  2:37  Orbital Command  
  24  2:42  Marine  
  25  2:44  Marine  
  25  2:53  SCV  
  26  2:58  Supply Depot  
  26  3:05  Marine x3, SCV  
  30  3:19  Bunker  
  30  3:24  SCV x2  
  30  3:26  Marine x3  
  35  3:34  Factory  
  35  3:44  Marine  
  35  3:45  Marine x2  
  35  3:47  SCV  
  35  3:48  SCV  
  40  3:59  SCV  
  40  4:00  SCV  
  40  4:02  Marine  
  43  4:21  SCV x2  
  45  4:26  Barracks Tech Lab x2, Barracks Reactor  
  45  4:27  Supply Depot  
  45  4:28  Factory Tech Lab  
  45  4:35  SCV  
  45  4:38  Starport  
  46  4:44  Command Center  
  46  4:45  Refinery  
  46  4:47  Refinery  
  46  4:48  SCV  
  46  4:49  Supply Depot  
  39  4:53  Marine  
  39  4:54  Marine  
  40  5:07  Marine  
  40  5:08  Marine  
  40  5:11  Marine x2, Siege Tank  
  47  5:14  SCV x2  
  49  5:24  Supply Depot  
  49  5:26  SCV x2  
  51  5:35  Engineering Bay  
Show
View Real Time Build Order
Export as new Build Order

Yocto Zerg - Winner!

Build Orders: Hatch First 

Get SALT Encoding   

  12  0:01  Drone  
  13  0:14  Overlord  
  13  0:18  Drone  
  14  0:34  Drone x2  
  16  0:38  Drone  
  17  0:58  Hatchery  
  17  1:00  Drone  
  17  1:09  Extractor  
  17  1:11  Drone  
  17  1:30  Spawning Pool, Drone  
  17  1:31  Drone  
  18  1:34  Drone  
  19  1:42  Drone  
  20  2:06  Hatchery  
  19  2:10  Overlord  
  19  2:13  Drone  
  20  2:16  Drone  
  20  2:17  Drone  
  22  2:23  Zergling x2  
  23  2:37  Queen  
  23  2:42  Drone x3  
  28  2:56  Drone x4  
  32  2:59  Metabolic Boost  
  32  3:07  Queen  
  32  3:09  Drone  
  35  3:26  Baneling Nest, Drone x3  
  39  3:27  Drone x2  
  39  3:33  Overlord  
  39  3:48  Drone  
  39  3:49  Drone x2  
  39  3:51  Overlord x2  
  39  3:52  Overlord  
  42  4:03  Overlord x2  
  42  4:09  Queen  
  44  4:14  Zergling x4  
  44  4:15  Zergling x10  
  50  4:18  Zergling x2  
  50  4:19  Zergling x4  
  53  4:27  Zergling x2  
  53  4:28  Zergling x4  
  53  4:29  Zergling x4  
  53  4:30  Zergling x2  
  59  4:35  Zergling x4  
  62  4:45  Zergling x4  
  62  4:48  Zergling x6  
  62  4:49  Zergling x2  
  65  4:58  Zergling x6  
  65  4:59  Zergling x4  
  70  5:09  Zergling x6  
  70  5:12  Baneling x3  
  70  5:13  Baneling x6  
  72  5:15  Zergling x2  
  72  5:20  Zergling x4  
Tags
 
Add a new tag
Caveats
  • Supply blocks, unpowered buildings, or Contaminate may cause inaccurate times.
  • Supply counts are checked every 10 seconds.